 Dungeon Crawl Stone Soup version 0.31-a0-920-g28cbb04a8c (webtiles) character file.

Game seed: 13047166608382997686

26511 Sanktem7 the Cleaver (level 12, -3/110 HPs)
             Began as a Minotaur Fighter on Sept 5, 2023.
             Was the Champion of Okawaru.
             Slain by a water moccasin (6 damage)
             ... on level 3 of the Lair of Beasts on Oct 18, 2023.
             The game lasted 00:23:15 (13718 turns).

Sanktem7 the Cleaver (Minotaur Fighter)            Turns: 13718, Time: 00:23:16

Health: -3/110     AC: 18    Str: 28    XL:     12   Next: 99%
Magic:  11/11      EV:  7    Int:  5    God:    Okawaru [******]
Gold:   1107       SH: 16    Dex: 11    Spells: 11/11 levels left

rFire   . . .        H - +2 war axe (freeze) {axe}
rCold   . . .        y - +0 tower shield of Summertime {Str+3 Slay+2}
rNeg    . . .        u - +0 chain mail
rPois   +            (helmet restricted)
rElec   .            e - +1 cloak
rCorr   .            w - +0 pair of gloves
SInv    .            q - +1 pair of boots
Will    .....        (no amulet) Stlth
                     L - ring of poison resistance
HPRegen 0.38/turn    a - +4 ring of slaying
MPRegen 0.12/turn

%: no passive effects
@: very slow
A: horns 2, retaliatory headbutt
a: Renounce Religion, Heroism, Finesse, Duel, Receive Weapon, Receive Armour


You were on level 3 of the Lair of Beasts.
You worshipped Okawaru.
Okawaru was exalted by your worship.
You visited 3 branches of the dungeon, and saw 16 of its levels.

You collected 1107 gold pieces.


Innate Abilities, Weirdness & Mutations

You have a pair of horns on your head.
You reflexively headbutt those who attack you in melee.


   Skills:
 + Level 11.3 Fighting
 * Level 14.9 Axes
 + Level 8.8 Throwing
 + Level 11.2 Armour
 + Level 11.1 Shields
 - Level 5.0 Evocations


You had 11 spell levels left.
You didn't know any spells.
Your spell library contained the following spells:

 Spells                   Type           Power      Damage    Failure   Level
 Apportation              Tloc           0%         N/A       99%         1
 Magic Dart               Conj           0%         1d3       99%         1
 Necrotise                Necr           0%         1d4       99%         1
 Slow                     Hex            0%         N/A       99%         1
 Searing Ray              Conj           0%         2d4       100%        2
 Confusing Touch          Hex            0%         N/A       100%        3
 Sigil of Binding         Hex            0%         N/A       100%        3
 Stone Arrow              Conj/Erth      0%         3d7       100%        3
 Vampiric Draining        Necr           0%         2d6       100%        3
 Fulminant Prism          Conj/Hex       0%         3d5       100%        4
 Iskenderun's Battlesphe  Conj           0%         2d6       100%        5
 Bombard                  Conj/Erth      0%         9d1       100%        6
 Lehudib's Crystal Spear  Conj/Erth      0%         10d2      100%        8
 Summon Small Mammal      Summ           Unusable   N/A       N/A         1
 Animate Armour           Summ/Erth      Unusable   N/A       N/A         4
 Spellforged Servitor     Conj/Summ      Unusable   N/A       N/A         7

Inventory:

Hand Weapons
 F - a +2 flail of protection {mace}
   (You took it off an orc on level 7 of the Dungeon)
 H - a +2 war axe of freezing (weapon) {axe}
   (You took it off an orc on level 10 of the Dungeon)
Missiles
 b - 18 poisoned darts {throwing}
 h - 14 javelins {throwing}
 i - 70 stones {throwing}
 s - 9 curare-tipped darts {=fthrowing}
 t - 3 atropa-tipped darts {throwing}
 x - 12 boomerangs {throwing}
Armour
 e - a +1 cloak (worn)
   (You found it on level 11 of the Dungeon)
 q - a +1 pair of boots (worn)
   (You found it on level 3 of the Dungeon)
 u - a +0 chain mail (worn)
   (You found it on level 3 of the Dungeon)
 w - a +0 pair of gloves (worn)
   (You found it on level 6 of the Dungeon)
 y - the +0 tower shield of Summertime (worn) {Str+3 Slay+2}
   (You found it on level 10 of the Dungeon)

   Str+3:     It affects your strength (+3).
   Slay+2:    It affects your accuracy & damage with ranged weapons and melee
   (+2).
Magical Staves
 m - a staff of poison {!astaff}
   (You found it on level 2 of the Lair of Beasts)
Jewellery
 a - a +4 ring of slaying (right hand)
   (You found it on level 9 of the Dungeon)
 p - a +6 ring of strength
   (You found it on level 9 of the Dungeon)
 L - a ring of poison resistance (left hand)
   (You found it on level 1 of the Lair of Beasts)
Wands
 f - a wand of charming (6)
   (You took it off Maurice on level 8 of the Dungeon)
 l - a wand of light (4)
   (You took it off Maggie on level 9 of the Dungeon)
 n - a wand of flame (8)
   (You found it on level 2 of the Lair of Beasts)
 r - a wand of mindburst (8)
   (You found it on level 3 of the Dungeon)
 v - a wand of iceblast (5)
   (You found it on level 9 of the Dungeon)
Scrolls
 c - 4 scrolls of teleportation {@r4}
 k - a scroll of fog
 I - a scroll of torment {unknown}
 J - a scroll of identify {@r1}
 M - a scroll of revelation {unknown}
Potions
 d - 2 potions of might
 g - 3 potions of degeneration {!q@e2}
 j - 2 potions of resistance
 o - 3 potions of attraction {!q}
 z - 4 potions of enlightenment
 A - 2 potions of lignification {!q}
 B - 2 potions of brilliance
 D - a potion of ambrosia {unknown}
 E - 4 potions of curing {unknown}
 G - 2 potions of mutation {unknown}
 K - a potion of haste {unknown}

Dungeon Overview and Level Annotations

Branches:
Dungeon (12/15) Zot: 25776  Temple (1/1) D:7 Zot: 5998    Lair (3/5) D:10 Zot: 15233
  Swamp (0/4) Lair:2        Snake (0/4) Lair:2          Orc (0/2) D:12

Altars:
Ashenzari
Cheibriados
Dithmenos
Elyvilon
Fedhas
Gozag
Hepliaklqana
Kikubaaqudgha
Makhleb
Nemelex Xobeh
Okawaru
Qazlal
Ru
Sif Muna
Trog
Uskayaw
Vehumet
Wu Jian
Xom
Yredelemnul
Zin
The Shining One

#... #.... . P..#
.. #####..# ...
#.#...#..#....
##.....#.......
#....~.~~......
##..l@F~~~.....
#..§SF≈≈~≈~~...
##§~Y≈≈~~≈≈~...
#..~≈≈~..≈≈~~..
##.l≈~~<~≈≈≈~~#
###.~≈≈..~≈~≈.##
#...~≈~≈~≈≈≈~$.#
##..~~~≈≈≈≈~~...
###....~~≈~~~.~...


You could see an elephant, a komodo dragon, a basilisk, 2 blink frogs and a
water moccasin.


Message History

😮 HP[-13]
You take 13 damage, and now have 72/110 hp.
You slice the elephant!! You freeze the elephant.
You kill the elephant!
Okawaru accepts your kill. Okawaru grants you throwing weapons!
Something appears at your feet!
You closely miss the water moccasin. You slash the elephant!
You freeze the elephant.
You feel sick. You block the water moccasin's attack.
You block the elephant's attack.
The elephant trunk-slaps you but does no damage. 😮 HP[-2]
You take 2 damage, and now have 70/110 hp.
You closely miss the blink frog. You slash the komodo dragon!
The komodo dragon seems to slow down.
You freeze the komodo dragon. You slice the elephant!! You freeze the elephant!
You kill the elephant!
Okawaru accepts your kill.
You closely miss the water moccasin.
You feel sick. You block the water moccasin's attack. The blink frog hits you.
You block the water moccasin's attack. The komodo dragon bites you!!
* * * LOW HITPOINT WARNING * * *
The blink frog hits you.
* * * LOW HITPOINT WARNING * * *
The blink frog blinks! 😨 HP[-22]
You take 22 damage, and now have 48/110 hp.
You feel sick.
The water moccasin attacks as it pursues you!
You block the water moccasin's attack. 😨 HP[-2]
You take 2 damage, and now have 46/110 hp.
You miss the water moccasin.
You feel sick.
The water moccasin bites you but does no damage.
You block the water moccasin's attack. 😨 HP[-1]
You take 1 damage, and now have 45/110 hp.
You miss the water moccasin.
Your headbutt misses the water moccasin.
You slash the komodo dragon! You freeze the komodo dragon.
You feel sick.
The blink frog blinks!
The water moccasin barely misses you. You furiously retaliate!
You headbutt the water moccasin. The komodo dragon bites you!!
* * * LOW HITPOINT WARNING * * *
😱 HP[-21]
You take 21 damage, and now have 24/110 hp.
You feel sick. You block the blink frog's attack.
The blink frog hits you but does no damage. 😱 HP[-1]
You take 1 damage, and now have 23/110 hp.
You feel sick.
The komodo dragon is no longer moving slowly.
The water moccasin attacks as it pursues you!
You block the water moccasin's attack. You block the blink frog's attack.
You block the water moccasin's attack. 😱 HP[-1]
You take 1 damage, and now have 22/110 hp.
You feel sick.
The blink frog blinks!
The water moccasin attacks as it pursues you!
You block the water moccasin's attack. The blink frog hits you!
* * * LOW HITPOINT WARNING * * *
😱 HP[-7]
You take 7 damage, and now have 15/110 hp.
You feel sick.
You are no longer poisoned.
The water moccasin attacks as it pursues you!
You block the water moccasin's attack.
The blink frog blinks!
You block the blink frog's attack. 😱 HP[-1]
You take 1 damage, and now have 14/110 hp.
You feel much better. You block the water moccasin's attack.
The blink frog closely misses you.
The blink frog blinks! 😨 HP[+29]
You regained 29 hp, and now have 43/110 hp.
You block the komodo dragon's attack.
The komodo dragon attacks as it pursues you!
The komodo dragon barely misses you. You furiously retaliate!
You headbutt the komodo dragon! 😨 HP[+1]
The blink frog blinks!
The komodo dragon attacks as it pursues you!
You block the komodo dragon's attack.
The blink frog blinks!
You enter the shallow water.
Moving in this stuff is going to be slow.
The blink frog hits you!
* * * LOW HITPOINT WARNING * * *
The blink frog blinks! x2
The water moccasin bites you but does no damage. 😨 HP[-6]
You take 6 damage, and now have 38/110 hp.
The water moccasin bites you but does no damage.
The komodo dragon attacks as it pursues you!
The komodo dragon bites you!
* * * LOW HITPOINT WARNING * * *
The basilisk gazes at you. You resist with some effort.
You block the blink frog's attack. The komodo dragon bites you!!
* * * LOW HITPOINT WARNING * * *
The water moccasin bites you.
You die...

Skill      XL: |  1  2  3  4  5  6  7  8  9 10 11 12 |
---------------+-------------------------------------+-----
Axes           | 3 4 5 7 8 10 11 13 14 | 14.9
Armour         | 4 5 6 8 9 10 11 | 11.2
Fighting       | 4 5 6 8 9 10 11 | 11.3
Shields        | 4 5 6 7 8 10 11 | 11.1
Throwing       | 1 2 3 4 5 6 7 8 |  8.8
Evocations     | 2 4 5 |  5.0

Action                     |  1- 3 |  4- 6 |  7- 9 | 10-12 || total
---------------------------+-------+-------+-------+-------++-------
  Melee: War axe           |    57 |   110 |   223 |   333 ||   723
         Headbutt          |     2 |    13 |    46 |    76 ||   137
         Flail             |       |       |       |    11 ||    11
    Use: Scroll            |       |       |    12 |     6 ||    18
         Potion            |       |       |       |     2 ||     2
   Stab: Petrifying        |       |       |       |     3 ||     3
         Petrified         |       |       |       |     3 ||     3
 Armour: Scale mail        |    35 |       |       |       ||    35
         Acid dragon scale |     9 |    75 |    36 |       ||   120
         Chain mail        |       |       |   136 |   276 ||   412
  Dodge: Dodged            |    33 |    46 |   118 |    87 ||   284
  Block: Buckler           |    15 |    33 |    71 |    12 ||   131
         Tower shield      |       |       |       |   216 ||   216

Levels and vault maps discovered:
D:1:      wander_arrival_abandoned_jail, layout_loops_ring,
          reono_crystal_passage
D:2:      layout_basic, serial_forest, infiniplex_forest_clump_cross,
          infiniplex_forest_clump_curved, infiniplex_forest_end_1,
          infiniplex_forest_lined_1, infiniplex_forest_pool,
          infiniplex_forest_straight_1, infiniplex_forest_lined_room_2,
          infiniplex_forest_lined_room_2
D:3:      layout_basic
D:4:      layout_gridville, amcnicky_altar_gilded, hangedman_minor_gate_pass,
          uniq_blork_the_orc
D:5:      layout_basic, uniq_edmund, uniq_grinder
D:6:      layout_gridville
D:7:      layout_basic, mainiacjoe_overflow_catwalk_spiral,
          minmay_temple_entry_grid
D:8:      layout_basic, mainiacjoe_overflow_large_starburst,
          mainiacjoe_overflow_paths, okawaru_ov_weapons_minmay, uniq_maurice,
          uniq_psyche
D:9:      layout_basic, kennysheep_mini, uniq_maggie
D:10:     layout_roguey, lair_entry_dummy, chequers_serial_rivers_micro_a
D:11:     layout_long_grid
D:12:     layout_loops_ring, orc_david_3, kennysheep_small_spiral,
          nicolae_kikubaaqudgha_miasma_corner
Temple:   eino_temple_lava
Lair:1:   layout_long_grid
Lair:2:   layout_concentric_octagons, minmay_swamp_entry_swarm,
          guppyfry_snake_entry_garden, beast_lair_carwin_4, grunt_megastairs_4
Lair:3:   layout_cave_pods, minivault_19, infiniplex_staircase_pool_2,
          grunt_megastairs_1

Notes
Turn   | Place    | Note
-------+----------+-------------------------------------------
     0 | D:1      | Sanktem7 the Minotaur Fighter began the quest for the Orb.
     0 | D:1      | Reached XP level 1. HP: 19/19 MP: 0/0
     0 | D:1      | magus.rc [v1.9.6]
   243 | D:1      | Reached XP level 2. HP: 27/27 MP: 1/1
   320 | D:1      | Reached skill level 3 in Axes
   725 | D:2      | Reached skill level 4 in Armour
   725 | D:2      | Reached XP level 3. HP: 33/33 MP: 2/2
   795 | D:2      | Reached skill level 4 in Fighting
   799 | D:2      | Reached skill level 4 in Shields
   891 | D:2      | You fall into a shaft and drop 1 floor!
   978 | D:3      | Noticed a scorpion
   987 | D:3      | Killed a scorpion
   988 | D:3      | Reached skill level 4 in Axes
   988 | D:3      | Reached XP level 4. HP: 32/40 MP: 3/3
  1458 | D:3      | You pick up a book of Armaments and begin reading...
  1458 | D:3      | You add the spells Stone Arrow, Animate Armour and
                  | Lehudib's Crystal Spear to your library.
  1951 | D:3      | Upgraded the game from 0.31-a0-672-g7da72447bb to
                  | 0.31-a0-920-g28cbb04a8c
  1951 | D:3      | magus.rc [v1.9.6]
  1966 | D:4      | Reached XP level 5. HP: 46/47 MP: 4/4
  2003 | D:4      | Noticed Blork the orc
  2011 | D:4      | Killed Blork the orc
  2012 | D:4      | Reached skill level 1 in Throwing
  2018 | D:4      | HP: 6/47 [gnoll/+0 halberd (7)]
  2021 | D:4      | HP: 2/47 [gnoll/+0 spear (3)]
  2041 | D:4      | HP: 4/47 [gnoll/+0 club (4)]
  2369 | D:4      | Reached skill level 5 in Axes
  2369 | D:4      | Reached XP level 6. HP: 53/53 MP: 5/5
  2390 | D:4      | Found a hazy altar of Hepliaklqana.
  2975 | D:5      | Entered Level 5 of the Dungeon
  2996 | D:5      | Reached skill level 5 in Armour
  3066 | D:5      | Noticed Edmund
  3077 | D:5      | Killed Edmund
  3078 | D:5      | Reached skill level 5 in Fighting
  3078 | D:5      | Reached skill level 2 in Throwing
  3078 | D:5      | Reached skill level 5 in Shields
  3234 | D:5      | Reached XP level 7. HP: 60/61 MP: 6/6
  3582 | D:5      | Noticed Grinder
  3594 | D:5      | Killed Grinder
  3595 | D:5      | Reached skill level 6 in Axes
  4050 | D:6      | Reached skill level 7 in Axes
  4050 | D:6      | Reached skill level 3 in Throwing
  4050 | D:6      | Reached XP level 8. HP: 62/70 MP: 7/7
  4111 | D:6      | Reached skill level 6 in Armour
  4200 | D:6      | Reached skill level 6 in Fighting
  4229 | D:6      | Reached skill level 6 in Shields
  4792 | D:7      | Reached skill level 8 in Axes
  4804 | D:7      | Found a staircase to the Ecumenical Temple.
  4858 | D:7      | Reached skill level 4 in Throwing
  4883 | Temple   | Entered the Ecumenical Temple
  5110 | D:7      | Reached XP level 9. HP: 78/78 MP: 8/8
  5119 | D:7      | Found a sparkling altar of Nemelex Xobeh.
  5507 | D:7      | Found a blossoming altar of Fedhas.
  6154 | D:8      | Reached skill level 7 in Fighting
  6154 | D:8      | Reached skill level 9 in Axes
  6154 | D:8      | Reached skill level 7 in Armour
  6193 | D:8      | Reached skill level 7 in Shields
  6241 | D:8      | Found a broken altar of Ashenzari.
  6258 | D:8      | You pick up a book of Cantrips and begin reading...
  6258 | D:8      | You add the spells Necrotise, Summon Small Mammal and
                  | Apportation to your library.
  6358 | D:8      | Found an iron altar of Okawaru.
  6371 | D:8      | Noticed Maurice
  6375 | D:8      | Something stole a ring of protection from cold
  6392 | D:8      | Something stole a +2 flail of protection {mace}
  6409 | D:8      | Maurice stole a throwing net {=f!fthrowing}
  6411 | D:8      | Maurice stole 208 gold
  6424 | D:8      | Killed Maurice
  6436 | D:8      | Became a worshipper of Warmaster Okawaru
  6473 | D:8      | You pick up a book of Debilitation and begin reading...
  6473 | D:8      | You add the spells Slow, Sigil of Binding, Vampiric
                  | Draining and Confusing Touch to your library.
  6641 | D:8      | Noticed Psyche
  6658 | D:8      | Killed Psyche
  6659 | D:8      | Reached skill level 5 in Throwing
  6672 | D:8      | Reached skill level 10 in Axes
  6862 | D:8      | You pick up a book of Power and begin reading...
  6862 | D:8      | You add the spells Iskenderun's Battlesphere and Bombard to
                  | your library.
  6950 | D:8      | Found an ancient bone altar of Kikubaaqudgha.
  6952 | D:8      | Found a hide-covered altar of Uskayaw.
  7397 | D:9      | Noticed Maggie
  7405 | D:9      | Killed Maggie
  7405 | D:9      | Reached * piety under Okawaru
  7406 | D:9      | Reached skill level 8 in Fighting
  7406 | D:9      | Reached skill level 8 in Armour
  7406 | D:9      | Reached XP level 10. HP: 55/88 MP: 9/9
  7551 | D:9      | Reached skill level 8 in Shields
  7577 | D:9      | Noticed a two-headed ogre
  7585 | D:9      | Killed a two-headed ogre
  7587 | D:9      | Reached skill level 11 in Axes
  7799 | D:9      | Found a bloodstained altar of Trog.
  7940 | D:10     | Entered Level 10 of the Dungeon
  7940 | D:10     | Noticed a five-headed hydra
  7948 | D:10     | Killed a five-headed hydra
  7948 | D:10     | Reached ** piety under Okawaru
  7949 | D:10     | Reached skill level 6 in Throwing
  7996 | D:10     | Found a staircase to the Lair.
  8001 | D:10     | Reached skill level 1 in Evocations
  8306 | D:10     | Identified the +0 tower shield of Summertime {Str+3 Slay+2}
  8361 | D:10     | Noticed a two-headed ogre
  8370 | D:10     | Killed a two-headed ogre
  9004 | D:11     | Reached *** piety under Okawaru
  9074 | D:11     | Reached skill level 9 in Fighting
  9074 | D:11     | Reached skill level 2 in Evocations
  9208 | D:11     | Reached skill level 9 in Armour
  9211 | D:11     | Reached XP level 11. HP: 86/97 MP: 10/10
  9254 | D:11     | Noticed a two-headed ogre
  9263 | D:11     | Killed a two-headed ogre
  9264 | D:11     | Reached skill level 12 in Axes
  9264 | D:11     | Reached skill level 9 in Shields
  9278 | D:11     | You pick up a book of Conjurations {@e2} and begin
                  | reading...
  9278 | D:11     | You add the spells Magic Dart, Searing Ray and Fulminant
                  | Prism to your library.
  9305 | D:11     | Reached **** piety under Okawaru
  9797 | D:12     | Noticed a two-headed ogre
  9810 | D:12     | Killed a two-headed ogre
  9811 | D:12     | Reached skill level 3 in Evocations
  9816 | D:12     | Reached skill level 7 in Throwing
 10003 | D:12     | Found a staircase to the Orcish Mines.
 10141 | D:12     | Reached ***** piety under Okawaru
 10302 | D:12     | Noticed a two-headed ogre
 10309 | D:12     | Killed a two-headed ogre
 10310 | D:12     | Reached skill level 13 in Axes
 10667 | D:12     | Found an ancient bone altar of Kikubaaqudgha.
 10957 | D:14     | Identified the of Boehimni
 10957 | Lair:1   | Entered Level 1 of the Lair of Beasts
 10965 | Lair:1   | Reached skill level 10 in Fighting
 10983 | Lair:1   | Reached skill level 10 in Armour
 10983 | Lair:1   | Reached skill level 4 in Evocations
 11224 | Lair:1   | Received a gift from Okawaru
 11268 | Lair:1   | Reached skill level 10 in Shields
 11268 | Lair:1   | Reached XP level 12. HP: 105/106 MP: 11/11
 11685 | Lair:1   | Reached skill level 8 in Throwing
 12154 | Lair:2   | Found a staircase to the Swamp.
 12272 | Lair:2   | Reached skill level 14 in Axes
 12376 | Lair:2   | Noticed a catoblepas
 12398 | Lair:2   | HP: 16/108 [catoblepas (12)]
 12648 | Lair:2   | Killed a catoblepas
 12648 | Lair:2   | Received a gift from Okawaru
 12649 | Lair:2   | Reached skill level 5 in Evocations
 12873 | Lair:2   | Noticed a six-headed hydra
 12880 | Lair:2   | Killed a six-headed hydra
 12881 | Lair:2   | Reached skill level 11 in Fighting
 13021 | Lair:2   | Found a staircase to the Snake Pit.
 13041 | Lair:2   | Reached skill level 11 in Armour
 13262 | Lair:2   | Reached skill level 11 in Shields
 13698 | Lair:3   | Reached ****** piety under Okawaru
 13702 | Lair:3   | Received a gift from Okawaru
 13706 | Lair:3   | HP: 24/110 [komodo dragon (21)]
 13718 | Lair:3   | HP: 23/110 [komodo dragon (15)]
 13718 | Lair:3   | HP: 3/110 [komodo dragon (20)]
 13718 | Lair:3   | Slain by a water moccasin

Vanquished Creatures
  A catoblepas (Lair:2)
  2 hydras
  5 two-headed ogres
  A cyclops (D:12)
  A manticore (D:11)
  2 elephants (Lair:3)
  Maurice (D:8)
  A gargoyle (D:12)
  4 black mambas
  5 cane toads
  Psyche (D:8)
  Maggie (D:9)
  6 komodo dragons
  A rime drake (Lair:1)
  6 trolls
  6 blink frogs
  Grinder (D:5)
  3 slime creatures (D:12)
  25 yaks
  A vampire (D:9)
  2 wraiths
  3 wyverns
  16 vampire mosquitoes
  Edmund (D:5)
  An acid dragon (D:11)
  A naga (Lair:2)
  11 water moccasins
  2 orc warriors (D:12)
  2 ice beasts (D:6)
  2 sky beasts
  4 wolves (Lair:2)
  An ogre (D:6)
  6 centaurs
  2 phantoms (D:7)
  A kobold brigand (D:8)
  14 bullfrogs
  Blork the orc (D:4)
  4 scorpions
  6 killer bees (D:8)
  3 howler monkeys
  2 jellies (D:4)
  2 hounds
  4 orc priests
  An iguana (D:7)
  A sleepcap (D:6)
  7 orc wizards
  3 gnolls (D:4)
  10 adders
  A shadow imp (D:6)
  2 white imps (D:5)
  2 dart slugs
  34 orcs
  6 ball pythons
  5 endoplasms
  3 giant cockroaches
  4 goblins
  5 hobgoblins
  5 quokkas
  7 bats
  2 frilled lizards
  11 kobolds
274 creatures vanquished.

Vanquished Creatures (others)
  A kobold (D:8)
1 creature vanquished.

Grand Total: 275 creatures vanquished

Table legend:
 A = Non-vault XP
 B = Vault XP
 C = Vault XP percentage of total XP
 D = Non-vault monster count
 E = Vault monster count
 F = Vault count percentage of total count
                 A         B        C        D         E       F
            +---------+---------+-------+---------+---------+-------
      Total |   30590 |    7283 |  19.2 |     230 |      43 |  15.8
            +---------+---------+-------+---------+---------+-------
        D:1 |      35 |       0 |   0.0 |      18 |       0 |   0.0
        D:2 |       9 |       0 |   0.0 |       6 |       0 |   0.0
        D:3 |     133 |       0 |   0.0 |      16 |       0 |   0.0
        D:4 |     158 |     136 |  46.3 |      19 |       7 |  26.9
        D:5 |     150 |     430 |  74.1 |      11 |       2 |  15.4
        D:6 |     962 |       0 |   0.0 |      15 |       0 |   0.0
        D:7 |    1028 |       0 |   0.0 |      19 |       0 |   0.0
        D:8 |    1136 |     854 |  42.9 |      19 |       2 |   9.5
        D:9 |    1574 |     389 |  19.8 |       7 |       1 |  12.5
       D:10 |    2474 |       0 |   0.0 |      15 |       0 |   0.0
       D:11 |    3416 |       0 |   0.0 |      11 |       0 |   0.0
       D:12 |    5433 |     148 |   2.7 |      19 |       5 |  20.8
     Lair:1 |    7281 |       0 |   0.0 |      32 |       0 |   0.0
     Lair:2 |    5444 |    4311 |  44.2 |      19 |      22 |  53.7
     Lair:3 |    1357 |    1015 |  42.8 |       4 |       4 |  50.0
            +---------+---------+-------+---------+---------+-------

Skill      XL: |  1  2  3  4  5  6  7  8  9 10 11 12 |
---------------+-------------------------------------+-----
Axes           | 3 4 5 7 8 10 11 13 14 | 14.9
Armour         | 4 5 6 8 9 10 11 | 11.2
Fighting       | 4 5 6 8 9 10 11 | 11.3
Shields        | 4 5 6 7 8 10 11 | 11.1
Throwing       | 1 2 3 4 5 6 7 8 |  8.8
Evocations     | 2 4 5 |  5.0

Action                     |  1- 3 |  4- 6 |  7- 9 | 10-12 || total
---------------------------+-------+-------+-------+-------++-------
  Melee: War axe           |    57 |   110 |   223 |   333 ||   723
         Headbutt          |     2 |    13 |    46 |    76 ||   137
         Flail             |       |       |       |    11 ||    11
    Use: Scroll            |       |       |    12 |     6 ||    18
         Potion            |       |       |       |     2 ||     2
   Stab: Petrifying        |       |       |       |     3 ||     3
         Petrified         |       |       |       |     3 ||     3
 Armour: Scale mail        |    35 |       |       |       ||    35
         Acid dragon scale |     9 |    75 |    36 |       ||   120
         Chain mail        |       |       |   136 |   276 ||   412
  Dodge: Dodged            |    33 |    46 |   118 |    87 ||   284
  Block: Buckler           |    15 |    33 |    71 |    12 ||   131
         Tower shield      |       |       |       |   216 ||   216

Illustrated notes

Table legend:
 A = Kills in this place as a percentage of kills in the entire game.
 B = Kills by you in this place as a percentage of kills by you in the entire game.
 C = Kills by friends in this place as a percentage of kills by friends in the entire game.
 D = Other kills in this place as a percentage of other kills in the entire game.
 E = Experience gained in this place as a percentage of experience gained in the entire game.
 F = Experience gained in this place divided by the number of levels of this place that you have seen.
                   A       B       C       D       E      F
               +-------+-------+-------+-------+-------+----------------------
         Total | 100.0 | 100.0 |   N/A |   N/A | 100.0 | 2367.1
       Dungeon |  70.3 |  70.3 |   N/A |   N/A |  48.8 | 1538.8
          Lair |  29.7 |  29.7 |   N/A |   N/A |  51.2 | 6469.3
               +-------+-------+-------+-------+-------+----------------------

Table legend: (Time is in decaauts)
 A = Elapsed time spent in this place.
 B = Non-inter-level travel time spent in this place.
 C = Inter-level travel time spent in this place.
 D = Time resting spent in this place.
 E = Time spent auto-exploring this place.
 F = Levels seen in this place.
 G = Mean time per level.
                   A        B        C        D        E       F      G
               +--------+--------+--------+--------+--------+-----+--------+
         Total |  13798 |  13337 |    461 |    581 |  10901 |  16 |  862.4 |
       Dungeon |  11032 |  10667 |    365 |    355 |   8852 |  12 |  919.3 |
        Temple |      1 |      1 |      0 |      0 |      0 |   1 |    1.0 |
          Lair |   2764 |   2668 |     96 |    226 |   2048 |   3 |  921.3 |
               +--------+--------+--------+--------+--------+-----+--------+

Top non-repeatable levels by time:
     D:7: 1467 daAuts
  Lair:2: 1420 daAuts
  Lair:1: 1298 daAuts
    D:12: 1181 daAuts
     D:3: 1079 daAuts
    D:10: 1048 daAuts
     D:4: 1032 daAuts
     D:8: 916 daAuts
     D:9: 879 daAuts
     D:5: 863 daAuts
     D:6: 862 daAuts
    D:11: 790 daAuts
     D:1: 664 daAuts
     D:2: 246 daAuts
  Lair:3: 45 daAuts
